 Dungeon Crawl Stone Soup version 0.27.1-37-g7b29ead8ac (webtiles) character file.

Game seed: 12127879087828576887

105 AarnesTheHuman the Changer (level 4, -1/32 HPs)
             Began as a Merfolk Transmuter on Aug 24, 2023.
             Succumbed to an orc wizard's poison
             ... on level 3 of the Dungeon.
             The game lasted 00:04:52 (2880 turns).

AarnesTheHuman the Changer (Merfolk Transmuter)     Turns: 2880, Time: 00:04:53

Health: -1/32      AC:  2    Str: 10    XL:     4   Next: 83%
Magic:  16/16      EV: 12    Int: 13    God:
Gold:   130        SH:  0    Dex: 14    Spells: 1/7 levels left

rFire    . . .     SeeInvis .   a - +2 whip (elec)
rCold    . . .     Faith    .   (no shield)
rNeg     . . .     Spirit   .   d - +0 robe
rPois    .         Reflect  .   (no helmet)
rElec    .         Harm     .   (no cloak)
rCorr    .         Rampage  .   (no gloves)
Will     .....                  (no boots)
Stlth    +.........             (no amulet)
HPRegen  0.10/turn              m - ring of magical power
MPRegen  0.15/turn              (no ring)

@: lethally poisoned (-1 -> -8), weak-willed, wereblooded (expiring)
A: (nimble swimmer 2), mertail
a: no special abilities


You were on level 3 of the Dungeon.
You visited 1 branch of the dungeon, and saw 3 of its levels.

You collected 130 gold pieces.

Inventory:

Hand Weapons
 a - a +2 whip of electrocution (weapon)
 f - a +0 short sword
 h - a +0 dagger
Missiles
 c - 174 stones
 e - 28 sling bullets
Armour
 d - a +0 robe (worn)
Jewellery
 k - a ring of fire
 m - a ring of magical power (left hand)
Scrolls
 b - a scroll of enchant weapon
 g - a scroll of identify
 n - a scroll of amnesia {unknown}


   Skills:
 - Level 1.1 Fighting
 + Level 1.8 Maces & Flails
 - Level 2.6 Dodging
 - Level 3.6 Unarmed Combat
 - Level 2.0 Spellcasting
 + Level 5.1 Transmutations


You had one spell level left.
You knew the following spells:

 Your Spells              Type           Power      Damage    Failure   Level
a - Beastly Appendage     Tmut           28%        N/A       3%          1
b - Wereblood             Tmut           14%        N/A       4%          2
c - Spider Form           Tmut/Pois      4%         N/A       26%         3

Your spell library contained the following spells:

 Spells                   Type           Power      Damage    Failure   Level
 Ice Form                 Ice/Tmut       8%         N/A       65%         4
 Summon Forest            Summ/Tloc      0%         N/A       100%        5
 Summon Mana Viper        Hex/Summ       1%         N/A       100%        5
 Shadow Creatures         Summ           N/A        N/A       100%        6
 Chain Lightning          Conj/Air       0%         2d1       100%        9
 Fire Storm               Conj/Fire      0%         6d1       100%        9


Dungeon Overview and Level Annotations

Branches:
Dungeon (3/15)

Altars:


Innate Abilities, Weirdness & Mutations

((You are quick and stealthy near water. (Stealth+, EV+, Speed+++)))
Your lower body shifts to a powerful aquatic tail in water.


Message History

You closely miss the orc wizard.
The orc wizard hits you with a +1 dagger of venom.
You closely miss the orc wizard. You headbutt the orc wizard!
The orc wizard is severely wounded.
The orc wizard hits you with a +1 dagger of venom.
You barely miss the orc wizard.
The orc wizard is severely wounded.
The orc wizard points at you and mumbles some strange words.
The puff of flame hits you.
* * * LOW HITPOINT WARNING * * *
You hit the orc wizard.
The orc wizard is almost dead.
Your primal bloodlust is almost over.
The orc wizard hits you with a +1 dagger of venom.
* * * LOW HITPOINT WARNING * * *
You are lethally poisoned!
It was a potion of curing.
You feel better.
The orc wizard hits you with a +1 dagger of venom.
* * * LOW HITPOINT WARNING * * *
You are lethally poisoned!
You aren't carrying any potions.
Unknown command.
You aren't carrying any items that you can evoke.
Unknown command.
As you read the scroll labelled PUS ADGHASKU, it crumbles to dust.
It is a scroll of identify.
b - a scroll of enchant weapon
* * * LOW HITPOINT WARNING * * *
You feel very sick. The orc wizard closely misses you.
As you read the scroll labelled QOCVUS VYEX, it crumbles to dust.
The scroll dissolves into smoke.
It was a scroll of fog.
Your horns disappear.
* * * LOW HITPOINT WARNING * * *
You feel sick.
The orc wizard gestures at you while chanting.
The puff of flame misses you.
As you read the scroll labelled GITZER EXOUWN, it crumbles to dust.
Magic quickly surges around you.
It was a scroll of vulnerability.
You die...

########...÷#.......#
#.#
.......#.##.####....#
#.#
####........#..#....#
#.# #........#..#....#
#.# #........#..#.#..#
#.# #........#..#.#..#
#.# #...†....#..#o#..##
#.#
#........#..#o#.>.#####
#.#
#........#..#@#..>....#
#.#
#........#..#§#.#####.#
#.# ###.##.#.#..#§#.#
#.# #.# #.##.#.#...<#.#
#.# #.# #.##.# #.##.#.
#.# #.# #.##.# #....#.
#.#####.# #.##.# ######
#.......# #....#
######### ######


You could see an orc wizard (weak-willed) and an orc (weak-willed).

Vanquished Creatures
  An orc priest (D:3)
  2 adders
  2 dart slugs (D:3)
  2 orcs (D:3)
  3 ball pythons
  4 bats
  6 endoplasms
  2 giant cockroaches
  7 goblins
  4 hobgoblins
  2 jackals (D:3)
  2 quokkas
  2 frilled lizards
  7 kobolds
  5 rats
51 creatures vanquished.

Notes
Turn   | Place    | Note
-------+----------+-------------------------------------------
     0 | D:1      | AarnesTheHuman the Merfolk Transmuter began the quest for
                  | the Orb.
     0 | D:1      | Reached XP level 1. HP: 15/15 MP: 3/3
   292 | D:1      | Reached skill level 3 in Transmutations
   488 | D:1      | Reached XP level 2. HP: 11/21 MP: 3/5
  1774 | D:1      | Learned a level 2 spell: Wereblood
  1840 | D:2      | Reached skill level 4 in Transmutations
  1840 | D:2      | Reached XP level 3. HP: 26/26 MP: 2/6
  1846 | D:2      | Learned a level 3 spell: Spider Form
  1989 | D:2      | Reached skill level 1 in Maces & Flails
  2303 | D:2      | Found a faded altar of an unknown god.
  2503 | D:3      | Reached XP level 4. HP: 32/32 MP: 3/7
  2871 | D:3      | Reached skill level 5 in Transmutations
  2879 | D:3      | HP: 1/32 [poisoned by an orc wizard]
  2880 | D:3      | Succumbed to an orc wizard's poison

Illustrated notes

Levels and vault maps discovered:
D:1:      scummos_arrival_hexagon, layout_loops_corners, hex_large
D:2:      layout_basic, dilly_ecumenical_altar_fadedgnrine, basic_altar
D:3:      layout_basic, pdpol_wu_jian_five_deadly_venoms, serial_shops, shop,
          grunt_decor_mini_mirrors, uniq_robin

Skill      XL: |  1  2  3  4 |
---------------+-------------+-----
Transmutations | 3 4 5 |  5.1
Maces & Flails | 1 |  1.8
Fighting       | |  1.1
Dodging        | |  2.6
Unarmed Combat | |  3.6
Spellcasting   | |  2.0

Action                   |  1- 3 |  4- 6 || total
-------------------------+-------+-------++-------
Melee: Unarmed           |    26 |       ||    26
       Headbutt          |    11 |     6 ||    17
       Short sword       |    32 |       ||    32
       Whip              |    51 |    26 ||    77
 Cast: Beastly Appendage |    23 |     3 ||    26
       Wereblood         |     9 |     3 ||    12
  Use: Scroll            |       |     3 ||     3
       Potion            |       |     1 ||     1
Armor: Robe              |    19 |     1 ||    20
Dodge: Dodged            |    82 |     9 ||    91
